 Dungeon Crawl Stone Soup version 0.32-a0-391-gce5c0aab1b (webtiles) character file.

Game seed: 8927270863472156380

7 zenocrate the Sneak (level 1, -5/17 HPs)
             Began as a Vampire Delver on Feb 19, 2024.
             Killed from afar by Sigmund (6 damage)
             ... with a puff of flame
             ... on level 3 of the Dungeon.
             The game lasted 00:00:27 (173 turns).

zenocrate the Sneak (Vampire Delver)                 Turns: 173, Time: 00:00:27

Health: -5/17      AC:  4    Str: 11    XL:     1   Next: 91%
Magic:  1/1        EV: 12    Int: 12    God:
Gold:   21         SH:  0    Dex: 15    Spells: 0/0 levels left

rFire   . . .        a - +0 short sword
rCold   . . .        (no shield)
rNeg    . . .        b - +0 leather armour
rPois   .            (no helmet)
rElec   .            h - +0 cloak
rCorr   .            (no gloves)
SInv    +            (no boots)
Will    .....        (no amulet)
Stlth   +++          (no ring)
HPRegen 0.42/turn    (no ring)
MPRegen 0.07/turn

%: no passive effects
@: healing quickly
A: alive, fangs 3, see invisible, vampiric 1
a: Exsanguinate


You were on level 3 of the Dungeon.
You visited 1 branch of the dungeon, and saw 3 of its levels.

You collected 21 gold pieces.

Inventory:

Hand Weapons
 a - a +0 short sword (weapon)
Armour
 b - a +0 leather armour (worn)
 h - a +0 cloak (worn)
Wands
 g - a wand of digging (3)
Scrolls
 c - a scroll of fog
 d - a scroll of revelation
 e - a scroll of fear
 i - 2 scrolls of teleportation {unknown}
Potions
 f - a potion of haste


   Skills:
 - Level 2.6 Fighting
 + Level 2.4 Short Blades
 + Level 2.4 Dodging
 + Level 7.4 Stealth


You couldn't memorise any spells.
You didn't know any spells.
Your spell library was empty.

Dungeon Overview and Level Annotations

Branches:
Dungeon (5/15)
 Temple: D:4-7

Altars:
Ashenzari

Annotations:
D:3 Sigmund


Innate Abilities, Weirdness & Mutations

Your natural rate of healing is accelerated.
You have razor-sharp teeth.
You have supernaturally acute eyesight. (SInv)
You are afflicted with vampirism.


Message History

You impale Sigmund!!
Sigmund is almost dead.
Sigmund casts a spell at you. The magic dart hits you!
Ouch! That really hurt!
Unknown command.
You barely miss Sigmund.
Sigmund is almost dead.
Sigmund closely misses you.
Unknown command.
You hit Sigmund.
Sigmund is almost dead.
Unknown command.
You closely miss Sigmund.
Sigmund is almost dead.
Sigmund barely misses you.
Unknown command.
Okay, then.
Okay, then.
You closely miss Sigmund.
Sigmund is almost dead.
Unknown command.
You closely miss Sigmund.
Sigmund is almost dead.
Sigmund zaps a wand.
The puff of flame hits you!
* * * LOW HITPOINT WARNING * * *
Unknown command.
Unknown command.
You closely miss Sigmund.
Sigmund is almost dead.
Sigmund giggles. "Time to reap what you sow."
Sigmund gestures at you while chanting. You resist with significant effort.
Unknown command.
Unknown command.
You barely miss Sigmund.
Sigmund is almost dead.
Sigmund zaps a wand.
The puff of flame hits you.
You die...
Sigmund begins carving another notch in his scythe.

. J.
..?#####+#######
..?.............
#.........#
#..@@.....#
#...#'###...
###+#)######.#
#..>.........
#....######+#
#...........
#...........
#...........
#......g....


You could see Sigmund and an endoplasm (asleep).

Vanquished Creatures
  A dart slug (D:4)
  A goblin (D:3)
  A hobgoblin (D:4)
3 creatures vanquished.

Notes
Turn   | Place    | Note
-------+----------+-------------------------------------------
     0 | D:5      | zenocrate the Vampire Delver began the quest for the Orb.
     0 | D:5      | Reached XP level 1. HP: 17/17 MP: 1/1
    39 | D:5      | Found a broken altar of Ashenzari.
   146 | D:4      | Noticed a bombardier beetle
   147 | D:4      | Noticed an ogre
   164 | D:3      | Noticed Sigmund
   173 | D:3      | Killed from afar by Sigmund

Illustrated notes

Levels and vault maps discovered:
D:3:      layout_basic, mainiacjoe_overflow_six_doors_small,
          mainiacjoe_overflow_catwalk, uniq_sigmund
D:4:      cheibrodos_quashed, layout_cave_pods, nicolae_uskayaw_dance_hall,
          minmay_temple_entry_slanted, dreamdust_mushroom_princess,
          minmay_checkerbox
D:5:      layout_basic, overflow_temple_1_default, mainiacjoe_overflow_alcove_1,
          uniq_pikel

Action                     || total
---------------------------++-------
  Melee: Short sword       ||    20
         Bite              ||     3
   Stab: Sleeping          ||     1
 Armour: Leather armour    ||     8
  Dodge: Dodged            ||     5

Table legend: (Time is in decaauts)
 A = Elapsed time spent in this place.
 B = Non-inter-level travel time spent in this place.
 C = Inter-level travel time spent in this place.
 D = Time resting spent in this place.
 E = Time spent auto-exploring this place.
 F = Levels seen in this place.
 G = Mean time per level.
                   A        B        C        D        E       F      G
               +--------+--------+--------+--------+--------+-----+--------+
         Total |    170 |    163 |      7 |      0 |     79 |   3 |   56.7 |
       Dungeon |    170 |    163 |      7 |      0 |     79 |   3 |   56.7 |
               +--------+--------+--------+--------+--------+-----+--------+

Top non-repeatable levels by time:
     D:4: 91 daAuts
     D:5: 58 daAuts
     D:3: 21 daAuts
